 Dungeon Crawl Stone Soup version 0.30-a0-605-gb2882149bf (webtiles) character file.

Game seed: 16275412438844474930

599 acebull12 the Covert (level 7, -11/42 HPs)
             Began as an Octopode Enchanter on Jan 8, 2023.
             Was an Initiate of Dithmenos.
             Mangled by a two-headed ogre
             ... wielding a +0 giant club
              (17 damage)
             ... on level 5 of the Dungeon.
             The game lasted 00:09:36 (4005 turns).

acebull12 the Covert (Octopode Enchanter)           Turns: 4005, Time: 00:09:37

Health: -11/42     AC:  1    Str:  8    XL:     7   Next: 41%
Magic:  11/11      EV: 13    Int: 17    God:    Dithmenos [......]
Gold:   203        SH:  4    Dex: 14    Spells: 9/11 levels left

rFire   + . .      SeeInvis .    h - +4 short sword (flame)
rCold   . . .      Faith    .    f - +0 buckler
rNeg    . . .      Spirit   .    (helmet restricted)
rPois   .          Reflect  .    (no amulet)
rElec   .          Harm     .    r - ring of protection from fire
rCorr   .          Rampage  .    (no ring)
Will    .....                    (no ring)
Stlth   +++++                    (no ring)
HPRegen 0.27/turn                (no ring)
MPRegen 0.12/turn                (no ring)
                                 (no ring)
                                 (no ring)

@: no status effects
A: almost no armour, amphibious, 8 rings, camouflage 1, gelatinous body 1,
(nimble swimmer 1), tentacles
a: Renounce Religion


You were on level 5 of the Dungeon.
You worshipped Dithmenos.
Dithmenos was noncommittal.
You visited 2 branches of the dungeon, and saw 6 of its levels.

You collected 203 gold pieces.

Inventory:

Hand Weapons
 a - a +1 dagger
 h - a +4 short sword of flaming (weapon)
 v - the +6 quarterstaff of Dung {venom, SInv}
   (You found it on level 4 of the Dungeon)

   SInv:      It lets you see invisible.
Missiles
 e - 3 throwing nets (quivered)
Armour
 f - a +0 buckler (worn)
Jewellery
 r - a ring of protection from fire (left tentacle)
Wands
 o - a wand of flame (21)
Scrolls
 c - 3 scrolls of teleportation
 g - 3 scrolls of summoning {unknown}
 i - a scroll of noise {unknown}
 j - 5 scrolls of identify {unknown}
 k - a scroll of enchant weapon {unknown}
 l - a scroll of vulnerability {unknown}
 q - a scroll of fear {unknown}
 s - a scroll of torment {unknown}
 t - a scroll of blinking {unknown}
 u - a scroll of amnesia {unknown}
 w - a scroll of brand weapon {unknown}
Potions
 b - 2 potions of invisibility
 d - 2 potions of haste {unknown}
 m - a potion of curing {unknown}
 n - a potion of degeneration {unknown}
 p - a potion of heal wounds {unknown}


   Skills:
 + Level 0.8 Fighting
 * Level 3.3 Short Blades
 + Level 2.3 Dodging
 * Level 8.0 Stealth
 * Level 2.5 Shields
 * Level 2.9 Spellcasting
 * Level 3.9 Hexes
 + Level 0.2 Ice Magic


You had 9 spell levels left.
You knew the following spells:

 Your Spells              Type           Power      Damage    Failure   Level
a - Ensorcelled Hibernat  Hex/Ice        18%        N/A       14%         2

Your spell library contained the following spells:

 Spells                   Type           Power      Damage    Failure   Level
 Confusing Touch          Hex            15%        N/A       14%         3
 Tukima's Dance           Hex            15%        N/A       14%         3
 Dazzling Flash           Conj/Hex       18%        N/A       30%         3
 Gell's Gravitas          Tloc           2%         N/A       56%         3
 Lesser Beckoning         Tloc           4%         N/A       56%         3
 Teleport Other           Tloc           2%         N/A       56%         3


Dungeon Overview and Level Annotations

Branches:
Dungeon (5/15)             Temple (1/1) D:4

Altars:
Ashenzari
Cheibriados
Dithmenos
Elyvilon
Fedhas
Hepliaklqana
Kikubaaqudgha
Makhleb
Nemelex Xobeh
Okawaru
Qazlal
Ru
Wu Jian
Xom
Zin

Shops:
D:1 *


Innate Abilities, Weirdness & Mutations

You cannot wear most types of armour.
You are amphibious.
You can wear up to eight rings at the same time.
Your skin changes colour to match your surroundings (Stealth+).
Your rubbery body absorbs attacks. (AC +1, EV +1)
((You are camouflaged when in or above water. (Stealth+)))
You have tentacles for arms and can constrict up to eight enemies at once.


Message History

Aiming: Ensorcelled Hibernation (safe; 16% risk of failure)
Press: ? - help, Shift-Dir - straight line, f - gnoll
Aim: a gnoll, wielding a +0 club (chance to affect: 51%)
The gnoll looks drowsy...
The gnoll shouts!
The gnoll hits you with a +0 club.
You hit the gnoll. You burn the gnoll. You grab the gnoll.
You squeeze the gnoll, but do no damage.
The gnoll is moderately wounded.
You constrict the gnoll. The gnoll closely misses you.
You puncture the gnoll! You burn the gnoll.
You kill the gnoll!
Dithmenos accepts your kill.
You start resting.
Your magical contamination has completely faded away.
You start resting.
Magic restored.
There is a stone staircase leading down here.
You see here a +0 club.
You climb downwards.
You hear the hiss of flowing sand.
There is an entrance to an ossuary on this level.
Hurry and find it before the portal is buried!
You hear the hiss of a distant avalanche of sand.
The orc hits you with a +0 short sword.
There is a stone staircase leading up, spattered with blood here.
You hit the orc. You burn the orc. You grab the orc.
Your squeeze misses the orc.
The orc is almost dead.
You constrict the orc.
You kill the orc!
Dithmenos accepts your kill.
Found a stone staircase leading down.
As you read the scroll labelled JAODWUAROT, it crumbles to dust.
You feel strangely unstable.
It was a scroll of teleportation.
Your surroundings suddenly seem different.
A two-headed ogre comes into view. It is wielding two +0 giant clubs.
The two-headed ogre hits you with a +0 giant club!!
* * * LOW HITPOINT WARNING * * *
The two-headed ogre hits you with a +0 giant club!
You die...

. .. ##...
######.....
#..........
#..........
#..@....#
#.....O....#
#.#..........
#.#..........
# #........#.
####.#.....
.#.#.#.
.#....


You could see a two-headed ogre.

Vanquished Creatures
  An orc warrior (D:3)
  2 black bears
  A jelly (D:4)
  2 iguanas (D:4)
  2 orc wizards (D:4)
  6 gnolls
  5 adders
  A worm (D:4)
  2 dart slugs
  5 orcs
  6 ball pythons
  4 endoplasms
  2 giant cockroaches
  4 goblins
  6 hobgoblins
  5 jackals
  6 kobolds
  5 quokkas
  7 bats
  4 frilled lizards
  6 rats
82 creatures vanquished.

Vanquished Creatures (others)
  A plant (D:1)
1 creature vanquished.

Grand Total: 83 creatures vanquished

Notes
Turn   | Place    | Note
-------+----------+-------------------------------------------
     0 | D:1      | acebull12 the Octopode Enchanter began the quest for the
                  | Orb.
     0 | D:1      | Reached XP level 1. HP: 11/11 MP: 3/3
   105 | D:1      | Found Oseuk's Assorted Antiques.
   124 | D:1      | Reached XP level 2. HP: 17/17 MP: 5/5
   497 | D:1      | Reached XP level 3. HP: 21/21 MP: 6/6
   870 | D:1      | Learned a level 2 spell: Ensorcelled Hibernation
  1156 | D:2      | Reached skill level 5 in Stealth
  1468 | D:2      | Reached XP level 4. HP: 27/27 MP: 7/7
  1745 | D:2      | Reached skill level 1 in Shields
  2306 | D:3      | Noticed a black bear
  2317 | D:3      | Killed a black bear
  2318 | D:3      | Reached skill level 6 in Stealth
  2318 | D:3      | Reached XP level 5. HP: 12/31 MP: 1/8
  2452 | D:4      | Noticed an orc warrior
  2457 | D:3      | HP: 1/31 [orc warrior/+0 scimitar (15)]
  2600 | D:3      | Killed an orc warrior
  2601 | D:3      | Reached skill level 7 in Stealth
  2601 | D:3      | Reached XP level 6. HP: 37/37 MP: 4/9
  2763 | D:4      | Identified the +6 quarterstaff of Dung {venom, SInv}
  3064 | D:4      | Reached XP level 7. HP: 42/42 MP: 11/11
  3486 | D:4      | Found a staircase to the Ecumenical Temple.
  3495 | Temple   | Entered the Ecumenical Temple
  3703 | Temple   | Became a worshipper of Dithmenos the Shadowed
  3769 | D:5      | Entered Level 5 of the Dungeon
  3943 | D:4      | Reached skill level 8 in Stealth
  4003 | D:5      | Noticed a two-headed ogre
  4005 | D:5      | Mangled by a two-headed ogre

Illustrated notes

Levels and vault maps discovered:
D:1:      dpeg_arrival_rooms_b, layout_basic, serial_shops, shop_fountains,
          serial_forest, infiniplex_forest_clump_small, infiniplex_forest_split,
          infiniplex_forest_zigzag_2, infiniplex_forest_straight_3,
          infiniplex_forest_clump_long, minmay_misc_feat_enclosed,
          grunt_decor_cap, amcnicky_mini_rare_corridor_liquid,
          hangedman_decor_slide_cut, minivault_11, minmay_pentomino_s2
D:2:      layout_basic
D:3:      layout_rooms
D:4:      layout_basic, temple_hall
D:5:      layout_loops_ring, serial_shops, kennysheep_little_box,
          chequers_ossuary_entry_cave
Temple:   mainiacjoe_temple_cubbyholes

Skill      XL: |  1  2  3  4  5  6  7 |
---------------+----------------------+-----
Stealth        | 5 6 7 8 |  8.0
Shields        | 1 2 |  2.5
Short Blades   | 2 3 |  3.3
Fighting       | |  0.8
Dodging        | |  2.3
Spellcasting   | |  2.9
Hexes          | |  3.9
Ice Magic      | |  0.2

Action                   |  1- 3 |  4- 6 |  7- 9 || total
-------------------------+-------+-------+-------++-------
Melee: Dagger            |    36 |       |       ||    36
       Constrict         |     9 |    11 |     5 ||    25
       Tentacles         |     9 |    11 |     4 ||    24
       Short sword       |    24 |    59 |    19 ||   102
       Punch             |       |     3 |       ||     3
 Cast: Ensorcelled Hiber |       |     4 |     2 ||     6
  Use: Potion            |       |     1 |       ||     1
       Scroll            |       |       |     1 ||     1
 Stab: Sleeping          |    20 |    18 |     3 ||    41
       Distracted        |     1 |       |       ||     1
Armor: Skin              |     4 |     3 |     1 ||     8
Dodge: Dodged            |    20 |    20 |    17 ||    57
Block: Buckler           |     1 |     5 |     5 ||    11

Table legend: (Time is in decaauts)
 A = Elapsed time spent in this place.
 B = Non-inter-level travel time spent in this place.
 C = Inter-level travel time spent in this place.
 D = Time resting spent in this place.
 E = Time spent auto-exploring this place.
 F = Levels seen in this place.
 G = Mean time per level.
                   A        B        C        D        E       F      G
               +--------+--------+--------+--------+--------+-----+--------+
         Total |   4001 |   3760 |    241 |    438 |   2628 |   6 |  666.8 |
       Dungeon |   3773 |   3532 |    241 |    438 |   2435 |   5 |  754.6 |
        Temple |    227 |    227 |      0 |      0 |    193 |   1 |  227.0 |
               +--------+--------+--------+--------+--------+-----+--------+

Top non-repeatable levels by time:
     D:2: 1135 daAuts
     D:4: 1095 daAuts
     D:1: 985 daAuts
     D:3: 537 daAuts
  Temple: 227 daAuts
     D:5: 20 daAuts
